Map: Lockdown LE

Players

SLicKcHeeZEE

  • Race: Zerg Zerg
  • League: Bronze

A.I. 1 (Very Hard) - Winner!

  • Race: Terran Terran

VOD

Have the link to the VOD?

Description

Time

  • Played on: Sept. 26, 2026, 12:57 a.m.
  • Length: 14:18
Show
View Real Time Build Order
Export as new Build Order

SLicKcHeeZEE Zerg 

Build Orders: Hatch First 

Get SALT Encoding   

  8  0:00  Drone  
  9  0:11  Drone  
  10  0:18  Drone  
  11  0:27  Overlord  
  11  0:33  Drone  
  12  0:45  Drone x2  
  14  0:51  Drone  
  15  1:12  Hatchery  
  15  1:15  Drone  
  15  1:19  Drone  
  15  1:23  Drone  
  17  1:37  Spawning Pool  
  16  1:41  Drone  
  16  1:44  Extractor  
  16  1:46  Drone  
  17  1:51  Drone  
  18  2:01  Drone  
  19  2:10  Overlord  
  19  2:24  Queen  
  19  2:25  Queen  
  19  2:28  Zergling x2  
  19  2:29  Drone  
  25  2:32  Drone  
  25  2:36  Drone  
  27  2:42  Drone  
  28  2:46  Metabolic Boost  
  28  2:51  Extractor  
  28  2:54  Overlord  
  27  3:04  Roach Warren  
  26  3:11  Drone x2  
  28  3:22  Lair  
  28  3:25  Drone  
  28  3:26  Drone  
  30  3:32  Overlord  
  30  3:45  Roach x2  
  30  3:46  Roach  
  36  3:50  Roach  
  38  3:58  Queen  
  38  4:02  Drone  
  41  4:04  Drone  
  41  4:07  Drone  
  43  4:14  Drone x2  
  45  4:22  Hydralisk Den  
  45  4:23  Glial Reconstitution  
  44  4:27  Overlord  
  44  4:33  Extractor  
  44  4:36  Drone x3  
  46  4:52  Hydralisk x2  
  46  4:53  Hydralisk  
  46  4:56  Hydralisk  
  46  4:59  Roach  
  56  5:06  Overlord  
  56  5:20  Grooved Spines  
  56  5:24  Evolution Chamber  
  56  5:26  Evolution Chamber  
  56  5:28  Drone x3  
  56  5:30  Drone  
  56  5:31  Drone  
  56  5:33  Overlord  
  59  5:47  Overlord  
  59  5:54  Zerg Missile Weapons Level 1  
  59  5:55  Zerg Ground Armor Level 1, Baneling Nest  
  58  6:10  Hatchery  
  57  6:26  Muscular Augments  
  57  6:28  Zergling x6  
  57  6:29  Zergling x10  
  57  6:32  Hydralisk  
  65  6:35  Overlord  
  67  6:48  Drone x3  
  67  6:49  Overlord  
  70  7:28  Queen  
  71  7:40  Hydralisk x6  
  71  7:41  Hydralisk x2  
  71  7:44  Overlord  
  87  7:49  Baneling x7  
  87  7:50  Baneling  
  87  7:54  Overlord  
  87  8:10  Hydralisk x5  
  97  8:14  Hydralisk x3  
  97  8:17  Overlord  
  103  9:06  Drone x4  
  107  9:14  Hydralisk x3  
  107  9:15  Hydralisk x5  
  123  9:44  Zerg Missile Weapons Level 2  
  123  9:45  Zerg Ground Armor Level 2  
  123  10:09  Overlord x2  
  123  10:24  Overlord  
  123  10:25  Overlord x2  
  123  10:47  Hydralisk x3  
  123  10:48  Hydralisk x7  
  123  10:49  Hydralisk x2  
  147  11:21  Zergling x2  
  147  11:22  Zergling x30  
  163  11:33  Baneling  
  163  11:34  Baneling x8  
  81  12:52  Hydralisk x5  
  81  12:53  Hydralisk x11  
  79  13:43  Extractor, Drone  
  79  13:44  Drone x2  
Show
View Real Time Build Order
Export as new Build Order

A.I. 1 (Very Hard) Terran - Winner!

Build Orders:  

Get SALT Encoding   

  8  0:00  SCV  
  9  0:13  SCV  
  10  0:25  SCV  
  11  0:37  SCV  
  12  0:47  Supply Depot  
  12  0:49  SCV  
  13  1:08  SCV  
  14  1:13  Barracks  
  14  1:20  SCV  
  15  1:32  SCV  
  16  1:45  SCV  
  17  1:51  Supply Depot  
  17  1:56  Refinery  
  17  1:57  SCV  
  17  2:00  Marine  
  19  2:09  SCV  
  20  2:16  Barracks  
  20  2:17  Marine  
  20  2:21  SCV  
  22  2:28  Refinery  
  22  2:33  SCV  
  22  2:35  Marine  
  24  2:44  Supply Depot  
  24  2:45  SCV  
  25  2:53  Marine  
  25  2:57  SCV  
  27  3:03  Marine  
  28  3:08  Factory  
  28  3:09  SCV  
  29  3:14  Marine  
  30  3:21  Marine, SCV  
  32  3:32  Marine  
  32  3:33  SCV  
  34  3:39  Marine  
  35  3:46  SCV  
  36  3:51  Barracks  
  36  3:58  SCV  
  36  4:00  Supply Depot  
  37  4:04  Barracks Tech Lab  
  37  4:07  Barracks Tech Lab  
  37  4:17  Starport  
  37  4:18  Factory Tech Lab  
  37  4:21  SCV  
  38  4:34  SCV, Marine  
  40  4:40  Marine  
  40  4:43  Stimpack  
  41  4:46  SCV  
  41  4:48  Combat Shield  
  42  4:58  SCV  
  43  5:04  Supply Depot  
  43  5:10  SCV  
  44  5:22  SCV  
  44  5:26  Marine, Marauder x2  
  44  5:28  Supply Depot  
  50  5:34  SCV, Command Center  
  50  5:44  Barracks Reactor  
  50  5:46  Orbital Command  
  50  5:47  Marine  
  50  5:48  Marauder  
  53  6:01  Supply Depot  
  53  6:05  Marauder  
  53  6:08  Marine  
  56  6:12  Medivac  
  58  6:21  Marine  
  58  6:22  Marine  
  60  6:27  Marauder  
  60  6:29  Supply Depot  
  60  6:31  Marauder  
  64  6:42  Engineering Bay, Medivac  
  66  6:47  SCV  
  66  6:48  Marauder  
  66  6:49  SCV  
  70  6:57  Marauder  
  70  6:59  SCV  
  73  7:01  Concussive Shells, SCV  
  74  7:09  Engineering Bay, Terran Infantry Weapons Level 1, Marauder  
  74  7:12  SCV  
  74  7:14  SCV  
  78  7:19  Marauder  
  78  7:22  Supply Depot  
  80  7:24  SCV  
  80  7:26  SCV  
  82  7:31  Marauder  
  82  7:35  Terran Infantry Armor Level 1  
  82  7:36  SCV  
  85  7:38  SCV  
  85  7:40  Marauder  
  85  7:43  Missile Turret  
  88  7:47  Supply Depot  
  88  7:48  SCV  
  88  7:50  Orbital Command, Missile Turret  
  89  7:59  Barracks, Starport Reactor  
  89  8:00  SCV  
  89  8:02  Marine  
  89  8:04  Marine  
  89  8:05  Marine  
  92  8:07  Marine  
  94  8:12  Supply Depot  
  94  8:21  Marauder  
  94  8:22  Missile Turret  
  94  8:24  Marauder  
  98  8:35  Medivac  
  98  8:36  Viking  
  98  8:37  Supply Depot  
  102  8:42  Marauder  
  102  8:45  Marauder  
  106  8:49  Missile Turret  
  106  8:53  Command Center  
  106  9:03  Supply Depot  
  106  9:05  Medivac  
  106  9:06  Viking  
  106  9:08  Factory  
  110  9:12  Missile Turret  
  110  9:15  Refinery  
  110  9:22  Refinery  
  110  9:35  Viking  
  110  9:36  Viking  
  110  9:38  Supply Depot  
  114  9:57  Armory  
  114  10:00  Barracks  
  114  10:04  Marine  
  114  10:05  Viking  
  114  10:06  SCV x3  
  119  10:07  Refinery  
  119  10:16  Siege Tank  
  119  10:17  Refinery  
  119  10:18  SCV x2, Orbital Command  
  124  10:30  SCV x2  
  124  10:31  Missile Turret  
  126  10:35  Missile Turret  
  126  10:39  Supply Depot  
  126  10:42  SCV  
  127  10:43  SCV  
  127  10:45  SCV, Terran Infantry Weapons Level 2  
  127  10:48  Siege Tank  
  132  10:54  SCV  
  132  10:55  SCV  
  134  10:57  SCV  
  134  10:59  Viking  
  134  11:03  Supply Depot  
  137  11:06  SCV  
  137  11:07  SCV  
  137  11:09  SCV  
  137  11:10  Starport  
  139  11:18  Missile Turret, Command Center, Factory Tech Lab, SCV  
  139  11:19  SCV  
  139  11:20  Siege Tank, Hi-Sec Auto Tracking  
  139  11:22  SCV  
  145  11:26  Supply Depot  
  145  11:30  SCV  
  145  11:32  SCV  
  147  11:34  SCV  
  147  11:37  Siege Tank  
  151  11:40  Armory  
  151  11:42  SCV  
  151  11:45  SCV  
  151  11:46  Barracks Tech Lab, Starport Tech Lab  
  153  11:50  Supply Depot  
  153  11:52  Siege Tank  
  156  11:55  Ghost Academy  
  156  11:59  Marine  
  156  12:00  Marine  
  158  12:01  Marine  
  158  12:05  Marauder  
  158  12:06  Raven  
  163  12:09  Siege Tank  
  163  12:14  Supply Depot  
  166  12:17  Neosteel Armor  
  166  12:24  Hellion  
  166  12:25  Ghost  
  170  12:31  Factory  
  156  12:40  Raven  
  156  12:41  Hellion  
  156  12:43  Refinery  
  110  12:44  SCV  
  110  12:45  Marine, Siege Tank  
  110  12:47  Marine  
  110  12:48  Marine  
  110  12:50  Marine  
  85  12:52  Marine  
  85  12:54  Marine  
  85  12:57  Refinery  
  85  12:58  SCV  
  76  12:59  SCV  
  76  13:00  SCV  
  76  13:02  Siege Tank  
  76  13:03  Marine  
  76  13:04  Marine  
  78  13:06  Marine  
  78  13:08  Marine  
  78  13:10  SCV, Marine  
  78  13:11  Marine  
  78  13:12  SCV  
  80  13:13  SCV  
  80  13:14  Hellion  
  80  13:17  Siege Tank  
  83  13:20  Command Center  
  83  13:22  SCV  
  83  13:24  SCV  
  83  13:25  Refinery  
  77  13:28  SCV  
  78  13:34  SCV, Hellion  
  78  13:36  Hellion, SCV  
  78  13:40  SCV  
  85  13:46  SCV  
  85  13:47  Marine  
  85  13:48  SCV  
  87  13:50  Hellion  
  87  13:52  SCV  
  88  13:58  SCV  
  88  14:00  SCV  
  87  14:04  SCV  
  87  14:08  Command Center  
Tags
 
Add a new tag
Caveats
  • Supply blocks, unpowered buildings, or Contaminate may cause inaccurate times.
  • Supply counts are checked every 10 seconds.